 Dungeon Crawl Stone Soup version 0.25-a0-424-g80bd347ae0 (webtiles) character file.

Game seed: 6495016144685462935, levelgen mode: deterministic

747 Gameth the Covered (level 7, -3/61 HPs)
             Began as a Minotaur Fighter on Jan 22, 2020.
             Was a Follower of Okawaru.
             Slain by an ogre
             ... wielding a +0 giant spiked club
              (16 damage)
             ... on level 8 of the Dungeon.
             The game lasted 00:10:38 (2592 turns).

Gameth the Covered (Minotaur Fighter)               Turns: 2592, Time: 00:10:39

Health: -3/61      AC: 10    Str: 22    XL:     7   Next: 48%
Magic:  6/6        EV:  9    Int:  5    God:    Okawaru [*.....]
Gold:   169        SH: 10    Dex: 10    Spells: 6/6 levels left

rFire    . . .     SeeInvis .   q - +1 hand axe (flame)
rCold    . . .     Gourm    .   c - +0 shield
rNeg     . . .     Faith    +   b - +0 scale mail
rPois    .         Spirit   .   (helmet restricted)
rElec    .         Reflect  .   m - scarf {cloud immunity}
rCorr    .         Harm     .   r - +0 pair of gloves
MR       .....                  (no boots)
Stlth    ..........             h - amulet of faith
HPRegen  0.20/turn              (no ring)
MPRegen  0.10/turn              (no ring)

@: no status effects
A: retaliatory headbutt, claws 1, horns 2, yellow scales 1, sense surroundings 1
a: Heroism, Renounce Religion


You were on level 8 of the Dungeon.
You worshipped Okawaru.
Okawaru was aware of your devotion.
You were hungry.

You visited 2 branches of the dungeon, and saw 7 of its levels.

You collected 169 gold pieces.

Inventory:

Hand Weapons
 a - a +0 war axe
 q - a +1 hand axe of flaming (weapon)
Armour
 b - a +0 scale mail (worn)
 c - a +0 shield (worn)
 m - a scarf of cloud immunity (worn)
 r - a +0 pair of gloves (worn)
Jewellery
 h - an amulet of faith (around neck)
 j - an uncursed ring of teleportation
Wands
 i - a wand of clouds (5)
 n - a wand of digging (5)
 o - a wand of flame (14)
 v - a wand of paralysis (11)
Scrolls
 g - 5 scrolls of identify
 k - 3 scrolls of remove curse
 l - 2 scrolls of magic mapping {unknown}
 p - a scroll of fear {unknown}
 s - a scroll of holy word {unknown}
 t - a scroll of fog {unknown}
 u - a scroll of noise {unknown}
Potions
 d - a potion of might
 e - a potion of flight
Comestibles
 f - 7 rations


   Skills:
 + Level 5.1 Fighting
 + Level 5.6 Axes
 + Level 6.1 Armour
 + Level 2.4 Dodging
 + Level 1.0 Stealth
 + Level 5.9 Shields


You had 6 spell levels left.
You didn't know any spells.
Your spell library contained the following spells:

 Spells                   Type           Power        Failure   Level  Hunger
 Magic Dart               Conj           #...         99%         1    ##.....
 Searing Ray              Conj           #.....       99%         2    ###....
 Dazzling Flash           Conj/Hex       #.....       100%        3    ####...
 Fulminant Prism          Conj/Hex       #.........   100%        4    #####..
 Iskenderun's Mystic Bla  Conj/Tloc      #.......     100%        4    #####..


Dungeon Overview and Level Annotations

Branches:
Dungeon (8/15)             Temple (1/1) D:7
   Lair: D:8-11

Altars:
Ashenzari
Fedhas
Okawaru
Qazlal
Ru
Xom


Innate Abilities, Weirdness & Mutations

You reflexively headbutt those who attack you in melee.
You have a pair of horns on your head.
You have sharp fingernails.
You are partially covered in yellow scales. (AC +2)
You passively map a small area around you.


Message History

Your headbutt misses the orc wizard.
The orc wizard is severely wounded.
A worker ant comes into view.
The orc wizard hits you but does no damage.
An orc warrior comes into view. It is wielding a +0 glaive.
You barely miss the orc wizard.
The orc wizard is severely wounded.
The orc warrior shouts!
The orc wizard hits you but does no damage.
You hit the orc wizard. You burn the orc wizard.
The orc wizard is almost dead.
You hit the orc skeleton but do no damage.
You block the orc wizard's attack. The orc skeleton hits you.
* * * LOW HITPOINT WARNING * * *
The orc wizard barely misses you. You furiously retaliate!
You headbutt the orc wizard!
You kill the orc wizard!
Okawaru accepts your kill.
The ogre hits you with a +0 giant spiked club!
You die...

* , , ,, + , ,
#......### ,
#......... , *
#......... * ,
#....Z.... , *, ,
,,#...oo.... , , ,
#.a....... ####### *
###.O....... ,
#>....#*, #..Z@# *,
#.....# ,#....# , **
#.....#,, ,+....# + ,
, #.....# * ##....#,
, ..##########....##
..'....'...#....#
..#....#...#....# ,
..##'#######....#####
##..................#
* ≈


You could see an orc warrior, an ogre, a worker ant, an orc, a quokka zombie and
an orc skeleton.

Vanquished Creatures
  2 sky beasts (D:7)
  An ogre (D:7)
  A bullfrog (D:8)
  2 scorpions
  An orc wizard (D:8)
  An orc priest (D:7)
  Jessica (D:3)
  Natasha (thrice) (D:3)
  6 adders
  5 worms (D:2)
  2 dart slugs
  A leopard gecko (D:3)
  7 orcs
  A giant cockroach (D:2)
  2 goblins (D:1)
  7 hobgoblins
  9 jackals
  8 kobolds
  2 quokkas
  A ball python (D:2)
  13 bats
  8 frilled lizards
  A jackal zombie (D:7)
  7 rats
92 creatures vanquished.

Notes
Turn   | Place    | Note
-------+----------+-------------------------------------------
     0 | D:1      | Gameth the Minotaur Fighter began the quest for the Orb.
     0 | D:1      | Reached XP level 1. HP: 19/19 MP: 0/0
   206 | D:1      | Reached XP level 2. HP: 27/27 MP: 1/1
   302 | D:1      | Reached skill level 4 in Armour
   975 | D:2      | Found a sacrificial altar of Ru.
  1012 | D:2      | Reached XP level 3. HP: 31/33 MP: 2/2
  1251 | D:2      | Reached XP level 4. HP: 19/40 MP: 3/3
  1317 | D:2      | Reached skill level 1 in Dodging
  1573 | D:3      | Noticed Jessica
  1581 | D:3      | Killed Jessica
  1604 | D:3      | Reached XP level 5. HP: 23/46 MP: 4/4
  1724 | D:3      | Noticed Natasha
  1729 | D:3      | Killed Natasha
  1811 | D:3      | Gained mutation: You are partially covered in yellow
                  | scales. (AC +2) [potion of mutation]
  1811 | D:3      | Gained mutation: You passively map a small area around you.
                  | [potion of mutation]
  1811 | D:3      | Gained mutation: You have sharp fingernails. [potion of
                  | mutation]
  1918 | D:3      | Noticed Natasha
  1930 | D:3      | Killed Natasha
  1997 | D:3      | Noticed Natasha
  2007 | D:3      | Killed Natasha
  2048 | D:4      | Reached skill level 5 in Armour
  2048 | D:4      | Reached XP level 6. HP: 28/53 MP: 5/5
  2056 | D:4      | You fall into a shaft and drop 3 floors!
  2086 | D:7      | Found a staircase to the Ecumenical Temple.
  2093 | Temple   | Entered the Ecumenical Temple
  2119 | Temple   | Became a worshipper of Warmaster Okawaru
  2161 | D:7      | Reached skill level 1 in Stealth
  2161 | D:7      | Reached skill level 5 in Shields
  2221 | D:7      | Noticed a sky beast
  2249 | D:7      | Killed a sky beast
  2430 | D:7      | Noticed a sky beast
  2449 | D:7      | Killed a sky beast
  2449 | D:7      | Reached * piety under Okawaru
  2449 | D:7      | Reached skill level 5 in Axes
  2449 | D:7      | Reached XP level 7. HP: 14/60 MP: 6/6
  2474 | D:7      | Reached skill level 5 in Fighting
  2477 | D:7      | Reached skill level 6 in Armour
  2481 | D:7      | HP: 3/61 [poisoned by a scorpion]
  2488 | D:7      | HP: 3/61 [poisoned by a scorpion]
  2496 | D:7      | HP: 2/61 [poisoned by a scorpion]
  2592 | D:8      | Slain by an ogre

Levels and vault maps discovered:
D:1:      tarquinn_simple_flora_water_d, layout_basic, st_stairs_14
D:2:      lemuel_upstairs_altar, layout_basic, nicolae_ru_sacrificial_ziggurat
D:3:      layout_rooms, uniq_jessica, uniq_natasha
D:4:      layout_loops_ring, nemelex_lonely_heart_becter, uniq_grinder
D:7:      layout_rooms, temple_green
D:8:      layout_gridville, vehumet_altar_wand_db, kennysheep_mini,
          nicolae_ossuary_entry_catacombs, hangedman_ranch
          [blue_anna_fruit_fields]
Temple:   minmay_crystal_spiral_temple

Skill      XL: |  1  2  3  4  5  6  7 |
---------------+----------------------+-----
Armour         | 4 5 6 |  6.1
Shields        | 4 5 |  5.9
Fighting       | 4 5 |  5.1
Axes           | 3 4 5 |  5.6
Dodging        | 1 2 |  2.4
Stealth        | 1 |  1.0

Action                   |  1- 3 |  4- 6 |  7- 9 || total
-------------------------+-------+-------+-------++-------
Melee: War axe           |   109 |    51 |       ||   160
       Headbutt          |    13 |    23 |     2 ||    38
       Hand axe          |       |    94 |    20 ||   114
  Use: Scroll            |       |     4 |       ||     4
       Potion            |       |     3 |       ||     3
  Eat: Chunk             |     1 |     4 |       ||     5
Armor: Scale mail        |    51 |   107 |     5 ||   163
Dodge: Dodged            |    43 |    61 |     6 ||   110
Block: Shield            |    48 |    89 |    10 ||   147

Table legend:
 A = Non-vault XP
 B = Vault XP
 C = Vault XP percentage of total XP
 D = Non-vault monster count
 E = Vault monster count
 F = Vault count percentage of total count
                 A         B        C        D         E       F
            +---------+---------+-------+---------+---------+-------
      Total |     996 |      72 |   6.7 |      90 |       2 |   2.2
            +---------+---------+-------+---------+---------+-------
        D:1 |      30 |       0 |   0.0 |      22 |       0 |   0.0
        D:2 |     108 |       0 |   0.0 |      28 |       0 |   0.0
        D:3 |     148 |      72 |  32.7 |      29 |       2 |   6.5
        D:4 |      67 |       0 |   0.0 |       1 |       0 |   0.0
        D:7 |     511 |       0 |   0.0 |       8 |       0 |   0.0
        D:8 |     132 |       0 |   0.0 |       2 |       0 |   0.0
            +---------+---------+-------+---------+---------+-------
